Map: Heavy Artillery LE

Players

Massa

  • Race: Terran Terran
  • League: Gold
  • Spawn Location: 7:00

qqq

  • Race: Protoss Protoss
  • Spawn Location: 7:00

sham - Winner!

  • Race: Terran Terran
  • Spawn Location: 1:00

Meazy - Winner!

  • Race: Terran Terran
  • Spawn Location: 3:00

VOD

Have the link to the VOD?

Description

Time

  • Played on: July 18, 2020, 10:48 a.m.
  • Length: 6:32
Show
View Real Time Build Order
Export as new Build Order

Massa Terran 

Build Orders:  

Get SALT Encoding   

  12  0:02  SCV  
  13  0:18  SCV  
  13  0:19  Supply Depot  
  14  0:30  SCV  
  15  0:42  SCV, Barracks  
  16  0:48  Refinery  
  16  0:54  SCV  
  17  1:06  SCV  
  18  1:18  SCV  
  19  1:30  Barracks Tech Lab, SCV  
  20  1:33  Barracks  
  20  1:47  Bunker  
  20  1:58  Marauder  
  22  2:02  Concussive Shells  
  22  2:07  Orbital Command  
  22  2:31  Barracks Tech Lab  
  22  2:38  Supply Depot x2  
  22  2:41  Marauder  
  24  2:48  Supply Depot  
  24  2:52  Marauder  
  24  2:58  SCV  
  27  3:02  Marauder, Supply Depot  
  29  3:13  Marauder  
  31  3:24  Marauder  
  33  3:35  Marauder, Command Center  
  33  3:37  SCV  
  36  3:43  Refinery  
  36  3:47  Marauder  
  30  4:10  Marauder x2  
  34  4:25  Barracks  
  26  4:32  Marauder  
  23  4:42  Marine  
  24  4:54  Barracks  
  24  4:55  Supply Depot  
  24  4:57  Supply Depot  
  24  5:00  Factory  
  20  5:14  Marine  
  9  5:32  Marine  
  9  5:34  Marine x2  
  7  5:50  Marine  
  7  5:51  Marine  
  7  5:52  Marine  
  10  6:08  Marine  
  10  6:09  Marine x2  
Show
View Real Time Build Order
Export as new Build Order

qqq Protoss 

Build Orders: 1 Gate Expand, Phoenix Opening 

Get SALT Encoding   

  12  0:03  Probe  
  13  0:15  Probe  
  14  0:25  Pylon  
  14  0:27  Probe  
  15  0:45  Gateway  
  15  0:47  Pylon  
  15  1:15  Nexus  
  15  1:30  Probe  
  16  1:35  Pylon  
  16  1:42  Probe  
  16  1:45  Cybernetics Core  
  17  1:54  Probe  
  17  1:59  Assimilator  
  18  2:02  Assimilator  
  18  2:06  Probe  
  19  2:18  Probe  
  20  2:28  Probe  
  21  2:30  Probe  
  22  2:40  Probe  
  22  2:43  Probe  
  24  2:52  Probe  
  24  2:55  Stargate  
  25  3:04  Probe  
  26  3:11  Probe  
  27  3:16  Probe  
  28  3:28  Probe  
  28  3:29  Stargate  
  28  3:30  Nexus  
  29  3:39  Pylon  
  29  3:40  Probe  
  29  3:41  Phoenix  
  32  3:52  Probe  
  33  3:55  Assimilator  
  33  3:58  Phoenix  
  33  3:59  Assimilator  
  33  4:05  Probe  
  36  4:12  Phoenix  
  36  4:17  Probe  
  39  4:21  Phoenix  
  39  4:27  Forge  
  39  4:29  Probe  
  42  4:41  Probe  
  35  4:53  Probe  
  35  4:57  Phoenix x2  
  40  5:05  Probe  
  39  5:08  Probe  
  39  5:10  Photon Cannon  
  38  5:20  Probe  
  41  5:33  Probe  
  39  5:46  Probe  
  23  5:58  Probe  
  24  6:06  Stargate  
  24  6:08  Stargate  
  24  6:11  Probe  
Show
View Real Time Build Order
Export as new Build Order

sham Terran - Winner!

Build Orders:  

Get SALT Encoding   

  12  0:01  SCV  
  13  0:13  SCV  
  14  0:19  Supply Depot  
  14  0:26  SCV  
  15  0:29  Refinery  
  15  0:40  SCV  
  16  0:56  Barracks  
  16  0:57  SCV  
  17  1:10  SCV  
  18  1:18  Barracks  
  18  1:24  SCV  
  19  1:31  Barracks  
  19  1:44  Orbital Command  
  19  1:51  Barracks Tech Lab  
  19  2:05  Supply Depot  
  19  2:08  Engineering Bay  
  19  2:09  Barracks Tech Lab  
  19  2:18  Marauder  
  19  2:20  Barracks Tech Lab  
  21  2:23  SCV  
  21  2:29  Supply Depot  
  22  2:32  Marauder  
  24  2:45  Marauder  
  24  2:46  Concussive Shells  
  24  2:51  Supply Depot  
  26  2:52  Marauder  
  26  2:57  Marauder  
  30  3:08  Missile Turret  
  31  3:15  Marauder  
  31  3:16  Marauder  
  35  3:23  Marauder  
  36  3:36  Marauder  
  36  3:37  Marauder  
  40  3:54  Command Center  
  38  4:09  Marauder x3  
  44  4:14  SCV, Supply Depot  
  43  5:41  Orbital Command  
  43  5:48  Factory  
  43  5:53  Barracks  
  43  5:58  Missile Turret  
  43  6:06  Missile Turret  
  43  6:08  Missile Turret  
  43  6:10  Missile Turret  
  43  6:11  Missile Turret  
  43  6:14  Missile Turret  
  43  6:15  Missile Turret  
Show
View Real Time Build Order
Export as new Build Order

Meazy Terran - Winner!

Build Orders: 2 Factory, Hellion Opening 

Get SALT Encoding   

  12  0:01  SCV  
  13  0:13  SCV  
  14  0:19  Supply Depot  
  14  0:25  SCV  
  15  0:30  Refinery  
  15  0:41  SCV  
  16  0:46  Barracks  
  16  0:53  SCV  
  17  0:57  Refinery  
  17  1:05  SCV  
  18  1:17  SCV  
  19  1:29  SCV  
  20  1:36  Marine  
  21  1:44  Factory  
  21  1:52  Factory  
  21  2:09  Orbital Command  
  21  2:28  Factory Reactor  
  21  2:33  Command Center  
  21  2:36  Factory Tech Lab  
  21  2:37  SCV  
  22  2:44  Supply Depot  
  22  2:53  SCV, Supply Depot  
  22  2:56  Infernal Pre-Igniter  
  23  3:08  Hellion  
  23  3:09  Hellion  
  27  3:15  SCV  
  30  3:20  Hellion  
  30  3:30  Hellion x2  
  34  3:38  Engineering Bay  
  36  3:41  Hellion  
  36  3:48  SCV  
  37  3:58  Hellion x2  
  41  4:07  Orbital Command  
  41  4:10  Missile Turret  
  41  4:14  Missile Turret  
  41  4:15  SCV  
  36  4:55  Hellion x2  
  36  4:56  Hellion  
  40  5:16  Hellion  
  40  5:17  Hellion x2  
  40  5:38  Hellion x3  
  40  5:40  SCV  
  40  5:41  SCV  
  40  5:42  Factory  
  48  5:45  Armory  
  48  5:48  Missile Turret  
  48  5:53  SCV  
  45  5:59  Hellion x2  
  45  6:00  Hellion  
Tags
 
Add a new tag
Caveats
  • Supply blocks, unpowered buildings, or Contaminate may cause inaccurate times.
  • Supply counts are checked every 10 seconds.